 Dungeon Crawl Stone Soup version 0.27-a0-1140-g099f9bb0e8 (webtiles) character file.

Game seed: 7082507982675514794

29 jasper the Insei (level 3, -3/27 HPs)
             Began as a Merfolk Transmuter on May 8, 2021.
             Slain by a gnoll
             ... wielding a +0 flail
              (5 damage)
             ... on level 1 of the Dungeon.
             The game lasted 00:01:56 (1418 turns).

jasper the Insei (Merfolk Transmuter)               Turns: 1418, Time: 00:01:57

Health: -3/27      AC:  2    Str: 10    XL:     3   Next: 16%
Magic:  5/6        EV: 13    Int: 13    God:
Gold:   45         SH:  0    Dex: 14    Spells: 3/6 levels left

rFire    . . .     SeeInvis .     - Unarmed
rCold    . . .     Faith    .   (no shield)
rNeg     . . .     Spirit   .   a - +0 robe
rPois    .         Reflect  .   (helmet currently unavailable)
rElec    .         Harm     .   (no cloak)
rCorr    .         Rampage  .   (no gloves)
Will     .....                  (boots currently unavailable)
Stlth    +.........             (no amulet)
HPRegen  0.09/turn              (no ring)
MPRegen  0.10/turn              (no ring)

@: appendages (expiring), flying
A: horns 2, (nimble swimmer 2), mertail
a: End Transformation


You were on level 1 of the Dungeon.
You had temporarily grown beastly horns.
You visited 1 branch of the dungeon, and saw 2 of its levels.

You collected 45 gold pieces.

Inventory:

Armour
 a - a +0 robe (worn)
Jewellery
 g - a ring of wizardry
Scrolls
 b - a scroll of noise
 d - a scroll of magic mapping
Potions
 c - a potion of lignification
 e - a potion of degeneration


   Skills:
 + Level 2.0 Fighting
 + Level 3.3 Dodging
 + Level 3.6 Unarmed Combat
 - Level 2.0 Spellcasting
 + Level 3.2 Transmutations


You had 3 spell levels left.
You knew the following spells:

 Your Spells              Type           Power      Damage    Failure   Level
a - Beastly Appendage     Tmut           18%        N/A       7%          1
b - Wereblood             Tmut           9%         N/A       11%         2

Your spell library contained the following spells:

 Spells                   Type           Power      Damage    Failure   Level
 Spider Form              Tmut/Pois      2%         N/A       36%         3
 Ice Form                 Ice/Tmut       5%         N/A       78%         4
 Hydra Form               Tmut           4%         N/A       88%         5


Dungeon Overview and Level Annotations

Branches:
Dungeon (2/15)

Altars:


Innate Abilities, Weirdness & Mutations

You have temporarily grown beastly horns.
((You are quick and stealthy near water. (Stealth+, EV+, Speed+++)))
Your lower body shifts to a powerful aquatic tail in water.


Message History

You kill the hobgoblin!
Your Fighting skill increases to level 2!
Found a scroll labelled JIUTTELLOM.
Your transformation is almost over.
Magic restored.
A gnoll comes into view. It is wielding a +0 flail.
MP restored: 6 A gnoll is nearby!
A gnoll is nearby!
The gnoll shouts!
A gnoll comes into view. It is wielding a +0 club.
The gnoll throws a throwing net.
The throwing net hits you.
You become entangled in the net!
Your horns disappear.
You struggle against the net.
A gnoll comes into view. It is wielding a +0 flail.
You struggle against the net.
You tear a large gash into the net.
You struggle against the net.
The gnoll shouts!
You rip the net and break free!
You see here a ball python corpse.
There is a stone staircase leading up here.
The gnoll hits you with a +0 flail!
You climb upwards.
There is a stone staircase leading down here.
You take 12 damage, and have 15/27 hp.
MASSIVE DAMAGE!!
Casting: Beastly Appendage (safe; 7% risk of failure)
Press: ? - help, Q - select action, (/) - cycle Dir - look around, f - activate You grow a pair of large bovine horns.
The gnoll hits you with a +0 flail!
* * * LOW HITPOINT WARNING * * *
You take 13 damage, and have 2/27 hp.
MASSIVE DAMAGE!!
You now have 5/6 mp.
Okay, then.
It was a potion of flight.
You feel very buoyant.
You fly up into the air.
Your transformation is almost over.
The gnoll hits you with a +0 flail.
You die...

♣............≈≈≈ #############
♣P............≈≈ ............#
♣<♣.....♣.P....≈ ............#
♣♣♣♣........).≈≈ ............#
♣.P.P♣......≈ ............#
############♣.....≈
####........###.......# #P....≈≈
####............#####.# #.......
................@####.# #P.....≈
#.#######.....#.g.....# #♣....≈≈
#.##### #.....#..###### #♣....≈≈
......# #.....#...# #......≈
......# ##........# ##(....≈
......# #.........# ####P...≈≈
......# #.........######.'.....≈≈
......###.........#......'......≈
......#...........#####..'...♣..≈


You could see a gnoll.

Vanquished Creatures
  An endoplasm (D:1)
  2 goblins (D:1)
  5 hobgoblins
  4 jackals (D:1)
  2 kobolds (D:1)
  A quokka (D:1)
  4 ball pythons
  3 bats
  2 frilled lizards (D:1)
  3 rats
27 creatures vanquished.

Notes
Turn   | Place    | Note
-------+----------+-------------------------------------------
     0 | D:1      | jasper the Merfolk Transmuter began the quest for the Orb.
     0 | D:1      | Reached XP level 1. HP: 15/15 MP: 3/3
   323 | D:1      | Reached XP level 2. HP: 18/21 MP: 3/5
   326 | D:1      | Learned a level 2 spell: Wereblood
   964 | D:1      | Reached XP level 3. HP: 22/27 MP: 4/6
  1418 | D:1      | Slain by a gnoll

Illustrated notes

Levels and vault maps discovered:
D:1:      kennysheep_arrival_seaside, layout_basic,
          kennysheep_decorative_pillar, wander_ebering_terrifying_dragon_lair
D:2:      layout_basic, uniq_natasha

Skill      XL: |  1  2  3 |
---------------+----------+-----
Dodging        | 3 |  3.3
Transmutations | 3 |  3.2
Fighting       | 2 |  2.0
Unarmed Combat | |  3.6
Spellcasting   | |  2.0

Action                   || total
-------------------------++-------
Melee: Unarmed           ||    81
       Headbutt          ||     6
 Cast: Beastly Appendage ||    21
  Use: Scroll            ||     4
       Potion            ||     1
 Stab: Sleeping          ||     1
Armor: Robe              ||    13
Dodge: Dodged            ||    41

Table legend: (Time is in decaauts)
 A = Elapsed time spent in this place.
 B = Non-inter-level travel time spent in this place.
 C = Inter-level travel time spent in this place.
 D = Time resting spent in this place.
 E = Time spent auto-exploring this place.
 F = Levels seen in this place.
 G = Mean time per level.
                   A        B        C        D        E       F      G
               +--------+--------+--------+--------+--------+-----+--------+
         Total |   1403 |   1371 |     32 |     18 |   1126 |   2 |  701.5 |
       Dungeon |   1403 |   1371 |     32 |     18 |   1126 |   2 |  701.5 |
               +--------+--------+--------+--------+--------+-----+--------+

Top non-repeatable levels by time:
     D:1: 1270 daAuts
     D:2: 132 daAuts
